 Dungeon Crawl Stone Soup version 0.27.0-66-gdc8fb28755 (webtiles) character file.

Game seed: 2745378234081955784

946 Spectrina the Covert (level 7, -5/40 HPs)
             Began as a Vampire Delver on Aug 20, 2021.
             Was an Initiate of Yredelemnul.
             Slain by an orc (6 damage)
             ... on level 4 of the Dungeon.
             The game lasted 00:10:27 (1147 turns).

Spectrina the Covert (Vampire Delver)               Turns: 1147, Time: 00:10:28

Health: -5/40      AC:  5    Str: 11    XL:     7   Next: 89%
Magic:  8/8        EV: 12    Int: 12    God:    Yredelemnul [......]
Gold:   93         SH:  0    Dex: 18    Spells: 6/6 levels left

rFire    . . .     SeeInvis +   k - +1 dagger (distort)
rCold    + + .     Faith    .   (no shield)
rNeg     + + +     Spirit   .   i - +0 steam dragon scales
rPois    ∞         Reflect  .   (no helmet)
rElec    .         Harm     .   (no cloak)
rCorr    .         Rampage  .   (no gloves)
Will     .....                  (no boots)
Stlth    ++++++++..             (no amulet)
HPRegen  0.00/turn              (no ring)
MPRegen  0.11/turn              (no ring)

@: flying, bloodless, inhibited regen
A: bloodless, fangs 3, see invisible, vampiric 2
a: Bat Form, Revivify, Renounce Religion


You were on level 4 of the Dungeon.
You worshipped Yredelemnul.
Yredelemnul was noncommittal.
You visited 2 branches of the dungeon, and saw 5 of its levels.

You collected 93 gold pieces.

Inventory:

Hand Weapons
 a - a +0 short sword
 k - a +1 dagger of distortion (weapon)
Missiles
 e - 28 stones
 f - 5 atropa-tipped darts
 o - 7 boomerangs (quivered)
 p - 5 curare-tipped darts
Armour
 b - a +0 leather armour
 i - +0 steam dragon scales (worn)
Jewellery
 m - a +6 ring of intelligence
Wands
 g - a wand of digging (3)
 j - a wand of flame (12)
Scrolls
 c - a scroll of fog
 d - 3 scrolls of magic mapping
 q - a scroll of blinking {unknown}
Potions
 h - a potion of lignification {unknown}


   Skills:
 - Level 2.6 Fighting
 + Level 3.9 Short Blades
 + Level 1.7 Throwing
 - Level 2.1 Dodging
 + Level 13.2 Stealth
 + Level 2.5 Invocations


You had 6 spell levels left.
You didn't know any spells.
Your spell library contained the following spells:

 Spells                   Type           Power      Damage    Failure   Level
 Olgreb's Toxic Radiance  Pois           0%         N/A       97%         4
 Ozocubu's Refrigeration  Ice            0%         4d5       100%        7
 Ignition                 Fire           0%         3d3       100%        8


Dungeon Overview and Level Annotations

Branches:
Dungeon (7/15)             Temple (1/1) D:7

Altars:
Ashenzari
Cheibriados
Dithmenos
Fedhas
Gozag
Hepliaklqana
Kikubaaqudgha
Makhleb
Nemelex Xobeh
Okawaru
Qazlal
Ru
Sif Muna
Trog
Uskayaw
Vehumet
Wu Jian
Xom
Yredelemnul
Zin
The Shining One

Annotations:
D:6 Sigmund
D:7 Dowan, Duvessa, Harold


Innate Abilities, Weirdness & Mutations

You do not regenerate when monsters are visible.
You are frail without blood (-20% HP).
You can heal yourself when you bite living creatures.
You are immune to poison.
You have razor-sharp teeth.
You have supernaturally acute eyesight. (SInv)
You are afflicted with vampirism and can become a bat while bloodless.


Message History

You barely miss the orc. You bite the orc.
You draw the orc's blood!
You feel better.
The orc is lightly wounded.
The orc closely misses you.
You completely miss the orc. You bite the orc, but do no damage.
The orc is lightly wounded.
The orc hits you with a +0 trident.
The orc priest casts a cantrip, but nothing happens.
The orc barely misses you.
Things that are here:
a +0 dagger; an orc corpse The orc hits you with a +0 whip.
The orc priest mumbles some strange prayers to Beogh against you.
Beogh smites you!
You hear a shout!
The orc barely misses you. The orc hits you with a +0 whip.
The orc priest miscasts a cantrip.
You hit the orc but do no damage. You bite the orc.
You draw the orc's blood!
You feel better.
The orc is lightly wounded.
The orc hits you but does no damage. The orc hits you with a +0 whip.
The orc hits you from afar with a +0 trident.
* * * LOW HITPOINT WARNING * * *
Unknown command.
It was a potion of flight.
You feel very buoyant.
You fly up into the air.
The orc hits you but does no damage. The orc hits you with a +0 whip.
* * * LOW HITPOINT WARNING * * *
The orc barely misses you.
Unknown command.
It was a potion of curing.
You feel better.
The orc priest calls upon Beogh to heal the orc.
The orc's wounds heal themselves!
The orc hits you with a +0 flail!
* * * LOW HITPOINT WARNING * * *
The orc hits you with a +0 whip.
* * * LOW HITPOINT WARNING * * *
The orc hits you from afar with a +0 trident.
You die...
Yredelemnul claims you as an undead slave.

########
##......##
##.......[##
#..........#
#..........#
#o)........#
#..........#
#@o........#
##o...>...##
#.o.......#
o.....>.....#
..#..........#
..#..........#
#............
#o............
##.o........#.


You could see an orc priest and 3 orcs.

Vanquished Creatures
  A steam dragon (D:7)
  A water moccasin (D:6)
  An ogre (D:6)
  2 necrophages (D:5)
  A phantom (D:5)
  A bullfrog (D:7)
  2 scorpions
  A jelly (D:5)
  A hound (D:6)
  A gnoll shaman (D:5)
  An iguana (D:5)
  An orc wizard (D:5)
  3 gnolls (D:5)
  A white imp (D:6)
  6 orcs
24 creatures vanquished.

Notes
Turn   | Place    | Note
-------+----------+-------------------------------------------
     0 | D:5      | Spectrina the Vampire Delver began the quest for the Orb.
     0 | D:5      | Reached XP level 1. HP: 17/17 MP: 1/1
    49 | D:5      | Noticed a necrophage
    96 | D:5      | Noticed a gnoll shaman
   100 | D:5      | Noticed a phantom
   112 | D:4      | Noticed an orc priest
   190 | D:6      | Noticed Sigmund
   201 | D:6      | Noticed a scorpion
   204 | D:6      | Killed a scorpion
   205 | D:6      | Reached skill level 9 in Stealth
   205 | D:6      | Reached XP level 2. HP: 15/18 MP: 2/2
   205 | D:6      | Gained mutation: You are afflicted with vampirism and can
                  | become a bat while bloodless. [Vampire growth]
   205 | D:6      | Reached XP level 3. HP: 19/22 MP: 3/3
   220 | D:5      | Noticed a scorpion
   281 | D:5      | Noticed a necrophage
   338 | D:6      | Noticed a water moccasin
   340 | D:6      | Reached XP level 4. HP: 10/27 MP: 4/4
   341 | D:6      | Killed a water moccasin
   342 | D:6      | Reached skill level 11 in Stealth
   342 | D:6      | Reached XP level 5. HP: 16/31 MP: 5/5
   394 | D:7      | Noticed Duvessa
   394 | D:7      | Noticed Dowan
   402 | D:7      | Noticed Harold
   408 | D:7      | Found a staircase to the Ecumenical Temple.
   409 | D:7      | Noticed a steam dragon
   422 | D:7      | Reached XP level 6. HP: 32/36 MP: 6/6
   440 | D:7      | Killed a steam dragon
   441 | D:7      | Reached skill level 12 in Stealth
   454 | Temple   | Entered the Ecumenical Temple
   499 | Temple   | Became a worshipper of Yredelemnul the Dark
   843 | D:5      | Reached skill level 1 in Invocations
   858 | D:5      | Reached XP level 7. HP: 28/40 MP: 7/7
   992 | D:5      | Reached skill level 1 in Throwing
  1045 | D:5      | Reached skill level 13 in Stealth
  1147 | D:4      | HP: 1/40 [orc (3)]
  1147 | D:4      | Slain by an orc

Illustrated notes

Levels and vault maps discovered:
D:4:      layout_rooms, sigmund_army
D:5:      layout_basic
D:6:      layout_loops_corners, uniq_sigmund
D:7:      layout_basic, elyvilon_altar_5, temple_doors_e,
          lightli_ossuary_entry_decrepit_ruins, uniq_crazy_yiuf_cottage,
          uniq_harold, uniq_duvessa
Temple:   kilobyte_greek_temple

Skill      XL: |  1  2  3  4  5  6  7 |
---------------+----------------------+-----
Stealth        | 9 11 12 13 | 13.2
Invocations    | 1 2 |  2.5
Short Blades   | 3 |  3.9
Throwing       | 1 |  1.7
Fighting       | |  2.6
Dodging        | |  2.1

Action                   |  1- 3 |  4- 6 |  7- 9 || total
-------------------------+-------+-------+-------++-------
Melee: Short sword       |     4 |     5 |       ||     9
       Dagger            |       |     9 |    39 ||    48
       Bite              |       |       |     7 ||     7
Throw: Boomerang         |       |       |     6 ||     6
       Dart              |       |       |     1 ||     1
 Abil: Exsanguinate      |     1 |       |       ||     1
  Use: Scroll            |     1 |       |       ||     1
       Potion            |     2 |       |     2 ||     4
 Stab: Sleeping          |     2 |     5 |     3 ||    10
       Distracted        |       |     1 |       ||     1
Armor: Leather armour    |     1 |       |       ||     1
       Steam dragon scal |       |     2 |     6 ||     8
Dodge: Dodged            |     9 |     3 |    16 ||    28
